 Seeded DCSS version 0.30-b1-7-gcb88a99046 (webtiles) character file.

Game seed: 1973 (custom seed)

3447 Kazon the Trooper (level 10, -5/102 HPs)
             Began as an Ogre Berserker on May 4, 2023.
             Was an Elder of Trog.
             Slain by a gnoll bouda
             ... wielding a +0 trident
              (11 damage)
             ... in a bailey on May 5, 2023.
             The game lasted 00:32:16 (6332 turns).

Kazon the Trooper (Ogre Berserker)                  Turns: 6332, Time: 00:32:17

Health: -5/102     AC:  6    Str: 23    XL:     10   Next: 6%
Magic:  10/10      EV: 11    Int: 16    God:    Trog [****..]
Gold:   204        SH:  0    Dex: 10    Spells: 9/9 levels left

rFire   . . .        a - +3 dire flail (protect)
rCold   . . .        (shield currently unavailable)
rNeg    + . .        K - +0 steam dragon scales
rPois   .            (helmet restricted)
rElec   .            (no cloak)
rCorr   .            (gloves unavailable)
SInv    .            (boots unavailable)
Will    +++..        v - amulet of regeneration
Stlth   ++           s - +6 ring of intelligence
HPRegen 2.17/turn    g - ring of positive energy
MPRegen 0.12/turn

%: no passive effects
@: weakened, strong-willed, on berserk cooldown, regenerating, slowed, very slow
A: large, unfitting armour, tough skin 1
a: Renounce Religion, Berserk, Trog's Hand, Brothers in Arms


You were in a bailey.
You worshipped Trog.
Trog was greatly pleased with you.
You visited 1 branch of the dungeon, and saw 7 of its levels.
You also visited: Ossuary and Bailey.

You collected 204 gold pieces.

Inventory:

Hand Weapons
 a - a +3 dire flail of protection (weapon)
 G - a +0 whip of holy wrath
Missiles
 f - 21 stones
 k - 2 boomerangs (quivered)
 x - 4 large rocks
 C - 2 silver boomerangs
 F - 7 poisoned darts
 I - 6 datura-tipped darts
 L - 5 throwing nets
Armour
 b - a +0 animal skin
 K - +0 steam dragon scales (worn)
Jewellery
 g - a ring of positive energy (right hand)
 s - a +6 ring of intelligence (left hand)
 v - an amulet of regeneration (around neck)
Wands
 H - a wand of light (9)
Scrolls
 e - 3 scrolls of identify
 i - 3 scrolls of immolation {unknown}
 j - 7 scrolls of teleportation {unknown}
 l - a scroll of amnesia {unknown}
 m - 2 scrolls of poison {unknown}
 n - a scroll of blinking {unknown}
 p - 3 scrolls of vulnerability {unknown}
 r - 2 scrolls of silence {unknown}
 u - 3 scrolls of fog {unknown}
 y - a scroll of noise {unknown}
 E - a scroll of brand weapon {unknown}
 J - a scroll of enchant armour {unknown}
Potions
 c - 2 potions of mutation
 d - 6 potions of curing {unknown}
 h - 3 potions of magic {unknown}
 o - a potion of brilliance {unknown}
 q - 2 potions of lignification
 t - a potion of heal wounds
 w - 2 potions of attraction {unknown}
 z - a potion of haste
 A - a potion of ambrosia {unknown}
 B - a potion of invisibility {unknown}
 D - a potion of might


   Skills:
 + Level 7.6 Fighting
 + Level 7.5(8.8) Axes
 + Level 6.2(7.6) Maces & Flails
 + Level 6.0 Throwing
 * Level 0.8 Armour
 + Level 4.7 Dodging
 + Level 1.8 Stealth
 * Level 2.3 Evocations


You had 9 spell levels left.
You didn't know any spells.
Your spell library was empty.

Dungeon Overview and Level Annotations

Branches:
Dungeon (7/15)             Temple (0/1) D:4         Ossuary (visited)
 Bailey (1/1)

Altars:
Vehumet

Shops:
D:5 [

Annotations:
D:5 2 transporters, om's ghost, novice HOFi Bailey Grum


Innate Abilities, Weirdness & Mutations

You are too large for most types of armour.
You have tough skin. (AC +1)


Message History

You are no longer berserk.
You are exhausted.
You feel yourself slow down.
The gnoll bouda hits you with a +0 trident.
* * * LOW HITPOINT WARNING * * *
Grum hits you but does no damage.
Okay, then.
Unknown command.
Your skin crawls.
You feel strong-willed.
Grum hits you with a staff of conjuration.
* * * LOW HITPOINT WARNING * * *
The gnoll bouda hits you with a +0 trident.
* * * LOW HITPOINT WARNING * * *
Grum closely misses you.
You puncture the gnoll bouda!
The gnoll bouda is heavily wounded.
Your attacks no longer feel as feeble.
The gnoll bouda is no longer moving quickly.
Grum misses you.
The gnoll bouda hits you but does no damage.
Grum closely misses you.
You closely miss the gnoll bouda.
The gnoll bouda is heavily wounded.
Grum closely misses you. The gnoll bouda misses you. Grum barely misses you.
The gnoll bouda calls upon its god to heal Grum.
Grum is healed somewhat.
You closely miss the gnoll bouda.
The gnoll bouda is heavily wounded.
Grum hits you with a staff of conjuration!
* * * LOW HITPOINT WARNING * * *
The gnoll bouda barely misses you. Grum barely misses you.
You barely miss the gnoll bouda.
The gnoll bouda is heavily wounded.
Grum hits you with a staff of conjuration!
* * * LOW HITPOINT WARNING * * *
The gnoll bouda gazes fiercely through you!
You feel your attacks grow feeble.
The gnoll bouda hits you with a +0 trident!
You die...

♣♣♣♣♣♣♣♣♣♣♣♣ ♣♣≈≈≈≈≈≈≈≈≈≈≈
♣♣≈≈...#############
♣.≈..###.8...g)..8.## ♣♣.≈..#
#....g@).....## ♣..≈..#
#.....).......# ♣..≈..#
#...#####).)..#
♣♣..≈..#.'..##...##†...# ≈♣
♣♣...≈..######.....###)##..≈♣
♣)......'...#.......#......≈♣
†∩......))..'.).8...'......≈♣
♣)......'...#)......#......≈♣
♣♣...≈.)######.....###'##..≈♣


You could see Grum (fast, swift) and a gnoll bouda.

Vanquished Creatures
  A troll (D:6)
  A wyvern (D:7)
  2 steam dragons (D:7)
  Edmund (D:4)
  3 water moccasins (D:7)
  A sky beast (D:7)
  A hornet zombie (Ossuary)
  An ogre (D:5)
  A wolf (Bailey)
  A centaur (D:6)
  A kobold brigand (D:6)
  A bullfrog (D:7)
  5 gnoll sergeants (Bailey)
  3 wyvern zombies (Ossuary)
  A scorpion (D:7)
  3 water moccasin zombies (Ossuary)
  A centaur zombie (Ossuary)
  A jelly (D:6)
  3 bullfrog zombies (Ossuary)
  5 hounds
  An iguana (D:6)
  2 sleepcaps (D:5)
  2 gnoll boudas (Bailey)
  2 orc wizards (D:5)
  4 killer bee zombies (Ossuary)
  15 mummies (Ossuary)
  A howler monkey zombie (Ossuary)
  14 gnolls
  4 adders
  A shadow imp (D:6)
  A white imp (D:6)
  An ufetubus (D:6)
  A worm (D:4)
  2 dart slugs (D:1)
  18 orcs
  4 ball pythons
  3 bats
  3 endoplasms
  6 giant cockroaches
  9 hobgoblins
  10 jackals
  A quokka (D:4)
  6 frilled lizards
  6 goblins
  9 kobolds
  3 rats
166 creatures vanquished.

Vanquished Creatures (others)
  6 withered plants (Ossuary)
6 creatures vanquished.

Grand Total: 172 creatures vanquished

Notes
Turn   | Place    | Note
-------+----------+-------------------------------------------
     0 | D:1      | Kazon the Ogre Berserker began the quest for the Orb.
     0 | D:1      | Reached XP level 1. HP: 24/24 MP: 1/1
   194 | D:1      | Reached XP level 2. HP: 24/32 MP: 2/2
   456 | D:1      | Reached XP level 3. HP: 37/40 MP: 3/3
   862 | D:2      | Reached ** piety under Trog
   992 | D:2      | Reached skill level 1 in Throwing
  1311 | D:2      | Reached XP level 4. HP: 49/49 MP: 4/4
  2232 | D:4      | Found a sand-covered staircase.
  2263 | Ossuary  | Entered an ossuary
  2288 | Ossuary  | Reached XP level 5. HP: 32/55 MP: 5/5
  2417 | Ossuary  | Reached skill level 5 in Fighting
  2421 | Ossuary  | Reached XP level 6. HP: 25/66 MP: 6/6
  2588 | Ossuary  | Reached skill level 5 in Axes
  2593 | Ossuary  | Reached skill level 1 in Stealth
  2765 | Ossuary  | Reached XP level 7. HP: 72/72 MP: 7/7
  3614 | Ossuary  | Reached XP level 8. HP: 83/83 MP: 8/8
  3916 | D:4      | Found a staircase to the Ecumenical Temple.
  4244 | D:4      | Reached *** piety under Trog
  4269 | D:4      | Found a radiant altar of Vehumet.
  4281 | D:4      | Identified the +7 chain mail "Fywnifob" {rElec Will++}
  4288 | D:4      | Noticed Edmund
  4304 | D:4      | Killed Edmund
  4436 | D:5      | Entered Level 5 of the Dungeon
  4556 | D:5      | Found Feriad's Antique Armour Shoppe.
  4734 | D:5      | Found a transporter.
  4735 | D:5      | Noticed om's ghost (novice HOFi)
  4807 | D:5      | Found a transporter.
  4945 | D:5      | Reached skill level 1 in Maces & Flails
  4948 | D:5      | Reached skill level 5 in Throwing
  5505 | D:6      | Reached XP level 9. HP: 92/92 MP: 9/9
  5510 | D:6      | Noticed a troll
  5514 | D:6      | Killed a troll
  5655 | D:6      | Upgraded the game from 0.30-b1-5-g8e6c1be481 to
                  | 0.30-b1-7-gcb88a99046
  5883 | D:7      | Reached skill level 1 in Evocations
  5968 | D:7      | Reached skill level 5 in Maces & Flails
  6073 | D:7      | Found a flagged portal.
  6082 | Bailey   | Entered a bailey
  6230 | Bailey   | Reached **** piety under Trog
  6302 | Bailey   | Reached XP level 10. HP: 92/102 MP: 10/10
  6309 | Bailey   | Noticed Grum
  6332 | Bailey   | Slain by a gnoll bouda

Illustrated notes

Levels and vault maps discovered:
D:1:      co_arrival_random_square_maze, layout_loops_ring
D:2:      layout_basic
D:3:      layout_basic
D:4:      layout_basic, fiery_altar_vehumet, minmay_temple_entry_poolview,
          nicolae_ossuary_entry_false_entrances, uniq_edmund
D:5:      layout_cave_pods, gammafunk_ghost_stat_death, serial_shops, shop
D:6:      kennysheep_big_flooded_room, layout_basic
D:7:      layout_loops_ring, enter_bailey_2
Bailey:   bailey_polearm_gnolls_kennysheep, bailey

Skill      XL: |  1  2  3  4  5  6  7  8  9 10 |
---------------+-------------------------------+-----
Throwing       | 1 2 3 5 6 |  6.0
Dodging        | 3 4 |  4.7
Axes           | 4 5 6 7 |  7.5
Fighting       | 5 6 7 |  7.6
Stealth        | 1 |  1.8
Maces & Flails | 3 6 |  6.2
Evocations     | 2 |  2.3
Armour         | |  0.8

Action                     |  1- 3 |  4- 6 |  7- 9 | 10-12 || total
---------------------------+-------+-------+-------+-------++-------
  Melee: Hand axe          |   127 |   126 |   197 |       ||   450
         Punch             |       |       |     2 |       ||     2
         Dire flail        |       |       |   178 |    20 ||   198
  Throw: Stone             |    15 |     8 |    30 |       ||    53
         Boomerang         |       |       |    66 |     4 ||    70
         Large rock        |       |       |    12 |       ||    12
         Dart              |       |       |    21 |       ||    21
 Invoke: Berserk           |       |     5 |     4 |     1 ||    10
         Trog's Hand       |       |     1 |     1 |     1 ||     3
    Use: Scroll            |       |     4 |       |       ||     4
   Stab: Sleeping          |       |       |     1 |       ||     1
 Armour: Animal skin       |    29 |    20 |    65 |       ||   114
         Steam dragon scal |       |       |    10 |     7 ||    17
  Dodge: Dodged            |    80 |    66 |   185 |    22 ||   353
